 Dungeon Crawl Stone Soup version 0.17-a0-1-g1f4be75 (console) character file.

12350 Fusha the Zephyrmancer (level 12, -5/72 HPs)
             Began as a Halfling Air Elementalist on Mar 11, 2015.
             Was an Elder of Vehumet.
             Slain by a seven-headed hydra (7 damage)
             ... on level 2 of the Lair of Beasts.
             The game lasted 01:37:30 (19704 turns).

Fusha the Zephyrmancer (Halfling Air Elementalist) Turns: 19704, Time: 01:37:30

Health: -5/72      AC:  7    Str:  8    XL:     12   Next: 19%
Magic:  35/36      EV: 20    Int: 21    God:    Vehumet [****..]
Gold:   519        SH:  0    Dex: 16    Spells: 8 memorised, 2 levels left

rFire  + . .     SeeInvis .     a - +1 rapier
rCold  . . .     Clarity  .     G - +2 robe {rF+}
rNeg   . . .     SustAb   .     (no shield)
rPois  +         Gourm    .     (no helmet)
rElec  .         Spirit   .     H - +2 cloak {rPois}
rCorr  .         Warding  .     (no gloves)
rMut   .         Stasis   .     (no boots)
MR     .....                    (no amulet)
Stlth  ++++......               y - +3 ring of intelligence
                                W - ring of magical power

@: very slightly contaminated, repel missiles, not resistant to hostile
enchantments, stealthy
A: mutation resistance 1
a: Renounce Religion


You were on level 2 of the Lair of Beasts.
You worshipped Vehumet.
Vehumet was greatly pleased with you.
You were not hungry.

You visited 3 branches of the dungeon, and saw 15 of its levels.

You collected 519 gold pieces.

Inventory:

Hand weapons
 a - a +1 rapier (weapon)
Armour
 G - a +2 robe of fire resistance (worn)
 H - a +2 cloak of poison resistance (worn)
Rods
 b - a +0 rod of shadows (4/14)
   (You found it on level 6 of the Dungeon)
Jewellery
 e - an uncursed ring of protection from cold
 t - an uncursed amulet of stasis
 y - a +3 ring of intelligence (right hand)
 L - an uncursed ring of fire
 W - a ring of magical power (left hand)
Magical devices
 f - a wand of flame (0)
 x - a wand of fire (2)
 E - a wand of slowing (11)
 J - a wand of paralysis (8)
 M - a wand of paralysis (6)
 R - a wand of polymorph (10)
 T - a wand of random effects (0)
 X - a wand of confusion (22)
Scrolls
 d - a scroll of recharging
 j - a scroll of immolation {unknown}
 l - a scroll of random uselessness {unknown}
 p - 2 scrolls of enchant armour
 r - 5 scrolls of enchant weapon
 v - 2 scrolls of remove curse
 w - 2 scrolls of magic mapping
 B - 2 scrolls of noise
 K - a scroll of vulnerability {unknown}
 O - a scroll of amnesia {unknown}
 Q - 2 scrolls of fog {unknown}
 S - 2 scrolls of blinking {unknown}
Potions
 i - a potion of lignification {unknown}
 k - 2 potions of agility
 m - 2 potions of curing
 n - 3 potions of might
 o - 3 potions of cure mutation
 u - 2 potions of resistance
 A - 2 potions of haste {unknown}
 C - a potion of flight
 D - a potion of mutation {unknown}
 F - a potion of restore abilities {unknown}
 I - 2 potions of brilliance
 P - 2 potions of cancellation
 V - 3 potions of magic {unknown}
 Y - a potion of invisibility {unknown}
 Z - a potion of heal wounds
Books
 g - a book of Unlife

   Spells                             Type                      Level
   a - Recall                         Summoning/Translocation      3
   b - Animate Dead                   Necromancy                   4
   c - Control Undead                 Necromancy                   4
   d - Cigotuvi's Embrace             Necromancy                   5
   e - Death Channel                  Necromancy                   6
   f - Simulacrum                     Ice/Necromancy               6
 h - a book of Transfigurations

   Spells                             Type                      Level
   a - Stoneskin                      Transmutation/Earth          2
   b - Irradiate                      Conjuration/Transmutation    5
   c - Statue Form                    Transmutation/Earth          6
   d - Hydra Form                     Transmutation                6
   e - Dragon Form                    Transmutation                7
 s - the Handbook of Torrid Battle Magic
   (You found it on level 8 of the Dungeon)

   Spells                             Type                      Level
   a - Flame Tongue                   Conjuration/Fire             1
   b - Searing Ray                    Conjuration                  2
   c - Venom Bolt                     Conjuration/Poison           5
   d - Bolt of Fire                   Conjuration/Fire             6
   e - Conjure Ball Lightning         Conjuration/Air              6
 z - a book of Air

   Spells                             Type                      Level
   a - Shock                          Conjuration/Air              1
   b - Swiftness                      Charms/Air                   2
   c - Repel Missiles                 Charms/Air                   2
   d - Flight                         Charms/Air                   3
   e - Static Discharge               Conjuration/Air              3
   f - Lightning Bolt                 Conjuration/Air              5
Comestibles
 c - 5 bread rations


   Skills:
 + Level 3.1 Fighting
 + Level 3.6 Short Blades
 + Level 8.5 Dodging
 + Level 6.1 Stealth
 + Level 7.4 Spellcasting
 + Level 6.9 Conjurations
 + Level 0.4 Charms
 + Level 0.4 Transmutations
 + Level 10.2 Air Magic
 + Level 0.4 Earth Magic
 + Level 3.6 Evocations


You had 2 spell levels left.
You knew the following spells:

 Your Spells              Type           Power        Failure   Level  Hunger
a - Shock                 Conj/Air       ####         1%          1    None
b - Repel Missiles        Chrm/Air       ####..       1%          2    None
c - Swiftness             Chrm/Air       ####....     1%          2    None
d - Stoneskin             Trmt/Erth      #.......     12%         2    None
e - Lightning Bolt        Conj/Air       #####.....   2%          5    #####..
f - Searing Ray           Conj           #####.       1%          2    None
g - Static Discharge      Conj/Air       #####...     1%          3    None
h - Conjure Ball Lightni  Conj/Air       #####.....   13%         6    ######.


Dungeon Overview and Level Annotations

Branches:
Dungeon (11/15)            Temple (1/1) D:5            Lair (3/8) D:10
  Swamp: Lair:3-6    Shoals: Lair:3-6     Snake: Lair:3-6    Spider: Lair:3-6
    Orc: D:9-12

Altars:
Ashenzari
Fedhas
Kikubaaqudgha
Makhleb
Okawaru
Sif Muna
Trog
Vehumet
Yredelemnul
The Shining One

Annotations:
D:11 Sonja
Lair:2 more, Fannar, Nergalle


Innate Abilities, Weirdness & Mutations

You are small and have problems with some larger weapons.
You are somewhat resistant to further mutation.


Message History

The blink frog hits you but does no damage.
The blink frog hits you!! The blink frog hits you!
* * * LOW HITPOINT WARNING * * *
The blink frog blinks! x2
You climb upwards.
Level annotation: more, Fannar, Nergalle The seven-headed hydra misses you.
The seven-headed hydra closely misses you. x2
The seven-headed hydra bites you but does no damage. x2
The seven-headed hydra barely misses you.
The seven-headed hydra closely misses you. x2
The seven-headed hydra bites you.
* * * LOW HITPOINT WARNING * * *
The seven-headed hydra bites you.
* * * LOW HITPOINT WARNING * * *
The seven-headed hydra bites you but does no damage.
The seven-headed hydra bites you.
* * * LOW HITPOINT WARNING * * *
The seven-headed hydra bites you!
You die...

##.............§≈§≈≈§
#P............§§§....
##...................
#............####.#.
#.............# ####
#...........### #
#...........########
##...........P#.##.#.
#...@F...............
##.F.D.......#....#.#
#...........#....#..
##..P..P..##........
##..................
#...##.#............
##.#####..#.........
##.P# ##..#........
#P.P# #.##....^...


You could see a seven-headed hydra and 2 blink frogs.

Vanquished Creatures
  The ghost of vatarom the Changer, an experienced NaTm (D:6)
  3 elephants (Lair:2)
  Maurice (D:8)
  A komodo dragon (D:10)
  4 spiny frogs
  A centaur skeleton (D:11)
  A troll (D:10)
  A two-headed ogre (D:10)
  A wraith (D:8)
  2 deep elf magi (D:8)
  10 yaks
  4 hippogriffs
  2 water moccasins (Lair:1)
  A hungry ghost (D:7)
  A steam dragon (D:10)
  3 orc warriors
  4 porcupines
  2 ice beasts
  A phantom (D:6)
  4 centaurs
  2 wasps
  A boring beetle (Lair:2)
  Duvessa (D:7)
  5 ogres
  5 crocodiles
  3 big kobolds
  7 giant frogs
  2 water moccasin zombies (D:8)
  3 scorpions
  6 killer bees (D:9)
  3 goliath beetles
  Dowan (D:7)
  6 crimson imps
  2 electric eels (Lair:1)
  A jelly (D:3)
  A centaur zombie (D:6)
  7 orc priests
  A giant frog zombie (D:6)
  A giant frog skeleton (D:8)
  4 orc wizards
  2 worker ants
  4 iguanas
  3 hounds
  Ijyb (D:6)
  10 gnolls
  A shadow imp (D:5)
  33 adders
  3 giant mites
  A worm (D:2)
  2 adder skeletons
  2 giant geckos
  38 orcs
  2 bat skeletons
  13 giant cockroaches
  8 goblins
  18 hobgoblins
  8 quokkas
  15 ball pythons
  19 bats
  A giant gecko zombie (D:6)
  4 giant newts
  A giant spore (D:8)
  8 jackals
  29 kobolds
  A quokka zombie (D:5)
  18 rats
  2 ballistomycetes (D:8)
  A plant (Lair:2)
358 creatures vanquished.

Vanquished Creatures (collateral kills)
  A hill giant (D:10)
  Psyche (D:8)
  Edmund (D:7)
  A sky beast (D:6)
  An ogre (D:7)
  A scorpion (D:10)
  A giant frog zombie (D:7)
  A hound (D:9)
8 creatures vanquished.

Vanquished Creatures (others)
  A wyvern (D:10)
  A giant frog (D:6)
  An orc priest (D:8)
  A hound (Lair:2)
  A jelly (Lair:2)
  A wasp zombie (D:8)
  An orc wizard (D:8)
  An adder (D:8)
  A shadow imp (D:9)
  4 orcs
  A giant cockroach (D:6)
  A jackal (D:6)
  2 bats (D:10)
  2 kobolds
  2 rats
  2 plants (D:10)
23 creatures vanquished.

Grand Total: 389 creatures vanquished

Notes
Turn   | Place    | Note
--------------------------------------------------------------
     0 | D:1      | Fusha, the Halfling Air Elementalist, began the quest for the Orb.
     0 | D:1      | Reached XP level 1. HP: 11/11 MP: 2/2
   296 | D:1      | Reached XP level 2. HP: 12/17 MP: 0/3
   784 | D:1      | Found a shattered altar of Ashenzari.
   811 | D:1      | Reached skill level 4 in Air Magic
   886 | D:1      | Reached XP level 3. HP: 17/21 MP: 0/5
  1117 | D:1      | Reached skill level 1 in Conjurations
  1785 | D:2      | Reached XP level 4. HP: 21/27 MP: 1/7
  2313 | D:2      | Learned a level 2 spell: Repel Missiles
  2316 | D:2      | Learned a level 2 spell: Swiftness
  2455 | D:2      | Reached XP level 5. HP: 17/32 MP: 3/9
  3716 | D:3      | Reached XP level 6. HP: 28/37 MP: 4/11
  4137 | D:3      | Found an iron altar of Okawaru.
  4360 | D:3      | Reached skill level 1 in Fighting
  5435 | D:3      | Reached XP level 7. HP: 43/43 MP: 9/13
  6349 | D:4      | Found a glowing golden altar of the Shining One.
  6803 | D:4      | Reached skill level 1 in Short Blades
  6803 | D:4      | Reached skill level 5 in Air Magic
  7087 | D:4      | Found a bloodstained altar of Trog.
  7088 | D:4      | Found an ancient bone altar of Kikubaaqudgha.
  7117 | D:5      | Entered Level 5 of the Dungeon
  7397 | D:5      | Reached skill level 5 in Dodging
  7426 | D:5      | Reached XP level 8. HP: 48/48 MP: 10/16
  8469 | D:5      | Found a staircase to the Ecumenical Temple.
  8476 | Temple   | Entered the Ecumenical Temple
  8500 | Temple   | Became a worshipper of Vehumet
  8663 | D:6      | Identified a +0 rod of shadows (14/14) (You found it on level 6 of the Dungeon)
  8688 | D:6      | Noticed Ijyb
  8698 | D:6      | Killed Ijyb
  8799 | D:6      | Noticed vatarom's ghost (experienced NaTm)
  8883 | D:6      | Killed vatarom's ghost
  8883 | D:6      | Reached skill level 6 in Dodging
  8883 | D:6      | Reached XP level 9. HP: 19/54 MP: 5/18
  9199 | D:6      | Reached skill level 1 in Evocations
  9425 | D:6      | Learned a level 2 spell: Stoneskin
  9984 | D:7      | Noticed Duvessa
 10018 | D:7      | Killed Duvessa
 10021 | D:7      | Noticed Dowan
 10117 | D:6      | Acquired Vehumet's first power
 10117 | D:6      | Offered knowledge of Magic Dart by Vehumet.
 10127 | D:7      | Killed Dowan
 11228 | D:7      | Reached skill level 7 in Air Magic
 11236 | D:7      | Noticed Edmund
 11267 | D:7      | Killed Edmund
 11353 | D:7      | Reached skill level 5 in Spellcasting
 11526 | D:7      | Reached XP level 10. HP: 60/60 MP: 15/22
 12107 | D:7      | Offered knowledge of Throw Frost by Vehumet.
 12114 | D:7      | Learned a level 5 spell: Lightning Bolt
 12186 | D:8      | Noticed Psyche
 12191 | D:8      | Killed Psyche
 12665 | D:8      | Noticed Maurice
 12674 | D:8      | Killed Maurice
 12674 | D:8      | Reached skill level 5 in Stealth
 13164 | D:8      | Reached skill level 5 in Conjurations
 13287 | D:8      | Reached skill level 8 in Air Magic
 13902 | D:8      | Identified the Handbook of Torrid Battle Magic (You found it on level 8 of the Dungeon)
 13997 | D:8      | Learned a level 2 spell: Searing Ray
 14063 | D:8      | Reached XP level 11. HP: 50/65 MP: 20/25
 14546 | D:9      | Offered knowledge of Stone Arrow by Vehumet.
 14960 | D:9      | Acquired Vehumet's second power
 15020 | D:9      | Learned a level 3 spell: Static Discharge
 15162 | D:10     | Entered Level 10 of the Dungeon
 15312 | D:10     | Noticed a hill giant
 15319 | D:10     | Found a staircase to the Lair.
 15335 | D:10     | Killed a hill giant
 15335 | D:10     | Reached skill level 9 in Air Magic
 15376 | D:11     | Noticed a hill giant
 15459 | D:11     | Noticed Sonja
 15462 | D:11     | Noticed a hill giant
 16230 | D:10     | Learned a level 6 spell: Conjure Ball Lightning
 16714 | D:10     | Offered knowledge of Force Lance by Vehumet.
 16731 | Lair:1   | Entered Level 1 of the Lair of Beasts
 18515 | Lair:2   | Acquired Vehumet's third power
 18772 | Lair:2   | Offered knowledge of Sticky Flame by Vehumet.
 18772 | Lair:2   | Reached XP level 12. HP: 63/72 MP: 21/27
 18775 | Lair:2   | Reached skill level 10 in Air Magic
 18927 | Lair:2   | Noticed Nergalle
 18937 | Lair:2   | Noticed Fannar
 19685 | Lair:2   | Noticed a seven-headed hydra
 19704 | Lair:2   | HP: 2/72 [seven-headed hydra (6)]
 19704 | Lair:2   | Slain by a seven-headed hydra

Action                   |  1- 3 |  4- 6 |  7- 9 | 10-12 || total
-------------------------+-------+-------+-------+-------++-------
Melee: Unarmed           |    15 |       |       |       ||    15
       Short sword       |    16 |    64 |   109 |    23 ||   212
       Rapier            |       |       |       |   105 ||   105
 Cast: Shock             |    56 |   126 |   284 |   407 ||   873
       Repel Missiles    |       |       |     1 |     1 ||     2
       Swiftness         |       |       |     1 |       ||     1
       Stoneskin         |       |       |     4 |     3 ||     7
       Lightning Bolt    |       |       |       |    31 ||    31
       Searing Ray       |       |       |       |     2 ||     2
Evoke: Wand              |       |       |     7 |    30 ||    37
       Rod               |       |       |    11 |    18 ||    29
  Use: Scroll            |       |     8 |     7 |    13 ||    28
       Potion            |       |     1 |       |     4 ||     5
 Stab: Sleeping          |     1 |     8 |    13 |     5 ||    27
       Paralysed         |       |       |       |     3 ||     3
       Confused          |       |       |       |     2 ||     2
       Betrayed ally     |       |       |       |     1 ||     1
  Eat: Bread ration      |     1 |     1 |       |     3 ||     5
       Meat ration       |       |     1 |     4 |     5 ||    10
       Fruit             |       |     5 |       |       ||     5
       Pizza             |       |     1 |     1 |       ||     2
       Beef jerky        |       |       |     1 |     2 ||     3
